 Dungeon Crawl Stone Soup version 0.32-a0-30-gefbe487952 (webtiles) character file.

Game seed: 14143078019940308423

16271 jasper the Basher (level 12, -1/154 HPs)
             Began as an Armataur Berserker on Jan 19, 2024.
             Was a High Priest of Trog.
             Slain by a harpy (2 damage)
             ... on level 2 of the Lair of Beasts.
             The game lasted 00:19:19 (12623 turns).

jasper the Basher (Armataur Berserker)             Turns: 12623, Time: 00:19:19

Health: -1/154     AC: 19    Str: 27    XL:     12   Next: 8%
Magic:  12/12      EV:  7    Int:  8    God:    Trog [*****.]
Gold:   783        SH:  0    Dex: 16    Spells: 11/11 levels left

rFire   + . .        R - +3 dire flail
rCold   + . .        (shield currently unavailable)
rNeg    . . .        H - +1 ring mail {rPois}
rPois   +            (no helmet)
rElec   .            M - scarf {rC+ rF+}
rCorr   .            X - +1 pair of gloves
SInv    .            u - +2 barding "Wil Halu" {Regen+}
Will    ++...        m - amulet of faith Stlth
                     F - +6 ring of dexterity
HPRegen 2.25/turn    V - +4 ring of slaying
MPRegen 0.13/turn

%: roll, faith
@: berserking, strong-willed, regenerating, very quick
A: large, deformed body, tough skin 3, armoured tail, roll 2
a: Renounce Religion, Berserk, Trog's Hand, Brothers in Arms


You were on level 2 of the Lair of Beasts.
You worshipped Trog.
Trog was extremely pleased with you.
You visited 2 branches of the dungeon, and saw 13 of its levels.

You collected 783 gold pieces.

Inventory:

Hand Weapons
 a - a +0 mace
 r - a +2 hammer of draining
 G - a +0 flail of holy wrath
 Q - the +5 hand axe "Qileov" {heavy, Fly rElec Int+7 Dex-5}
   (You found it on level 8 of the Dungeon)

   Int+7:     It affects your intelligence (+7).
   Dex-5:     It affects your dexterity (-5).
   rElec:     It insulates you from electricity.
   Fly:       It grants you flight.
 R - a +3 dire flail (weapon)
 U - a +0 morningstar
Missiles
 e - 106 stones (quivered)
 n - 28 poisoned darts
 t - 15 boomerangs
 K - 2 curare-tipped darts
 W - a throwing net
Armour
 b - a +0 animal skin
 f - a +0 ring mail
 j - a +0 chain mail
 q - a +0 cloak
 u - the +2 barding "Wil Halu" (worn) {Regen+}
   (You acquired it on level 1 of the Lair of Beasts)

   Regen+:    It increases your rate of health regeneration.
 H - a +1 ring mail of poison resistance (worn)
 M - a scarf of resistance (worn)
 X - a +1 pair of gloves (worn)
Jewellery
 c - an amulet of magic regeneration
 m - an amulet of faith (around neck)
 E - a +6 ring of intelligence
 F - a +6 ring of dexterity (left hand)
 V - a +4 ring of slaying (right hand)
Wands
 z - a wand of polymorph (8)
 A - a wand of flame (19)
 J - a wand of light (8)
 L - a wand of iceblast (12)
 O - a wand of mindburst (16)
Scrolls
 d - 5 scrolls of teleportation
 p - a scroll of brand weapon
Potions
 g - 10 potions of degeneration
 h - 3 potions of might
 i - 2 potions of invisibility
 k - 2 potions of ambrosia
 l - 3 potions of attraction
 o - 5 potions of curing
 s - 2 potions of magic {unknown}
 w - a potion of mutation
 C - 2 potions of lignification
 D - a potion of heal wounds
 N - 2 potions of enlightenment
 T - 2 potions of brilliance


   Skills:
 + Level 8.3 Fighting
 - Level 14.0 Maces & Flails
 + Level 10.5 Armour
 - Level 1.3 Dodging
 - Level 5.0 Evocations


You had 11 spell levels left.
You didn't know any spells.
Your spell library was empty.

Dungeon Overview and Level Annotations

Branches:
Dungeon (11/15)            Temple (0/1) D:4            Lair (2/5) D:9
 Shoals (0/4) Lair:2          Orc (0/2) D:10
  Snake: Lair:2-3    Spider: Lair:2-3

Altars:
Ashenzari
Cheibriados
Dithmenos
Elyvilon
Fedhas
Gozag
Hepliaklqana
Makhleb
Okawaru
Wu Jian
Xom
Yredelemnul
Zin
The Shining One

Shops:
D:1 *=**

Annotations:
D:3 3 runed translucent doors, Slingman's ghost, amateur GrGl


Innate Abilities, Weirdness & Mutations

Armour fits poorly on your strangely shaped body.
You have extremely tough skin. (AC +3)
You have a long armoured tail.
You regenerate magic and health when rolling toward enemies. (Rampage Regen)


Message History

You take 3 damage, and have 17/103 hp.
You sock the harpy!
Your tail-slap misses the harpy.
The harpy is almost dead.
The harpy claws you but does no damage. x2; The harpy claws you.
* * * LOW HITPOINT WARNING * * *
The harpy claws you but does no damage.
You take 5 damage, and have 12/103 hp.
A red film seems to cover your vision as you go berserk!
You feel yourself moving faster!
You feel mighty!
The harpy claws you but does no damage. x4
You now have 21/154 hp.
You puncture the harpy!
The harpy is moderately wounded.
The harpy claws you.
* * * LOW HITPOINT WARNING * * *
The harpy claws you.
* * * LOW HITPOINT WARNING * * *
You take 3 damage, and have 18/154 hp.
You bludgeon the cane toad!!
The cane toad is almost dead.
You hear a bellow! x2; You hear an angry hiss.
The harpy claws you.
* * * LOW HITPOINT WARNING * * *
The harpy claws you but does no damage. x2; The harpy closely misses you.
You hear a bellow!
You take 4 damage, and have 14/154 hp.
You closely miss the cane toad.
The cane toad is almost dead.
The harpy claws you.
* * * LOW HITPOINT WARNING * * *
The harpy claws you but does no damage. The cane toad stings you.
* * * LOW HITPOINT WARNING * * *
You take 5 damage, and have 9/154 hp.
You bludgeon the cane toad!!
You kill the cane toad!
Trog accepts your kill. The harpy claws you!
* * * LOW HITPOINT WARNING * * *
The harpy claws you.
You die...

##.....#~~
#P.P..#.##...
#..#....$....
.
##<#.>#.#..#.
...###....###
..
..........##
...##.#.H##
###HH# #P@#
#...# P.#.##
.......
.....P#..
#....##.##
###.. ..# .:
..#


You could see 3 harpies.

Vanquished Creatures
  Erica (D:9)
  2 two-headed ogres (D:10)
  A skeletal warrior (D:8)
  2 harpies (Lair:2)
  5 elephants (Lair:1)
  A black mamba (Lair:1)
  Joseph (D:7)
  2 cane toads
  A rime drake (Lair:1)
  3 komodo dragons
  Prince Ribbit (D:7)
  4 blink frogs (Lair:1)
  Grinder (D:5)
  A slime creature (D:8)
  A shadow (D:8)
  A wyvern (D:8)
  10 yaks
  A wraith (D:9)
  2 steam dragons (D:8)
  Edmund (D:6)
  6 water moccasins
  A sky beast (D:7)
  2 ice beasts
  7 black bears
  4 orc warriors
  3 ogres
  A swamp drake (D:10)
  4 centaurs
  A phantom (D:5)
  4 kobold brigands
  7 bullfrogs
  2 scorpions
  15 wights
  3 killer bees (D:10)
  2 electric eels (D:7)
  3 howler monkeys
  2 jellies
  A bombardier beetle (D:4)
  4 hounds
  Crazy Yiuf (D:2)
  7 orc priests
  2 sleepcaps (D:6)
  Natasha (thrice) (D:4)
  3 iguanas
  Terence (D:2)
  15 orc wizards
  4 gnolls (D:8)
  10 adders
  2 white imps
  3 dart slugs
  2 ribbon worms
  48 orcs
  11 ball pythons
  4 bats
  5 endoplasms
  4 giant cockroaches
  3 goblins
  9 hobgoblins
  3 jackals (D:1)
  2 quokkas
  4 frilled lizards
  21 kobolds
  6 rats
287 creatures vanquished.

Vanquished Creatures (others)
  An orc (D:8)
1 creature vanquished.

Grand Total: 288 creatures vanquished

Notes
Turn   | Place    | Note
-------+----------+-------------------------------------------
     0 | D:1      | jasper the Armataur Berserker began the quest for the Orb.
     0 | D:1      | Reached XP level 1. HP: 18/18 MP: 1/1
    75 | D:1      | Reached skill level 3 in Maces & Flails
   100 | D:1      | Found a faded altar of an unknown god.
   108 | D:1      | Reached XP level 2. HP: 14/25 MP: 2/2
   113 | D:1      | Found Bakalo's Assorted Antiques.
   218 | D:1      | Found Icyddio's General Store.
   305 | D:1      | Found Vamenwu's General Store.
   317 | D:1      | Found Pioxauh's Jewellery Shoppe.
   389 | D:1      | Reached XP level 3. HP: 30/30 MP: 3/3
   750 | D:2      | Reached ** piety under Trog
   800 | D:2      | Reached skill level 4 in Maces & Flails
   869 | D:2      | Noticed Terence
   879 | D:2      | Killed Terence
   990 | D:2      | Identified the +3 robe "Campiu" {^Drain rC++}
  1064 | D:2      | Found a runed translucent door.
  1065 | D:2      | Noticed Crazy Yiuf
  1335 | D:2      | Killed Crazy Yiuf
  1336 | D:2      | Reached XP level 4. HP: 37/37 MP: 4/4
  1523 | D:3      | Found a runed translucent gate.
  1523 | D:3      | Found a runed translucent gate.
  1523 | D:3      | Found a runed translucent gate.
  1524 | D:3      | Noticed Slingman's ghost (amateur GrGl)
  1735 | D:3      | Noticed a scorpion
  1743 | D:3      | Killed a scorpion
  1744 | D:3      | Reached skill level 5 in Maces & Flails
  1744 | D:3      | Reached XP level 5. HP: 34/42 MP: 5/5
  2425 | D:3      | Found a burning altar of Makhleb.
  2821 | D:4      | Reached skill level 6 in Maces & Flails
  3024 | D:4      | Found a staircase to the Ecumenical Temple.
  3036 | D:4      | Reached XP level 6. HP: 50/50 MP: 6/6
  3100 | D:4      | Noticed Natasha
  3111 | D:4      | Killed Natasha
  3211 | D:4      | Noticed Natasha
  3226 | D:4      | Killed Natasha
  3295 | D:4      | Noticed Natasha
  3314 | D:4      | Killed Natasha
  3406 | D:4      | Reached skill level 7 in Maces & Flails
  3551 | D:4      | Found a white marble altar of Elyvilon.
  3569 | D:4      | Gained mutation: You regenerate magic and health when
                  | rolling toward enemies. (Rampage Regen) [Armataur growth]
  3569 | D:4      | Reached XP level 7. HP: 56/56 MP: 7/7
  3988 | D:5      | Entered Level 5 of the Dungeon
  4114 | D:5      | Reached *** piety under Trog
  4121 | D:5      | Found a basalt altar of Yredelemnul.
  4126 | D:5      | Found a glowing golden altar of the Shining One.
  4129 | D:5      | Found a broken altar of Ashenzari.
  4129 | D:5      | Found an iron altar of Okawaru.
  4136 | D:5      | Found a glowing silver altar of Zin.
  4190 | D:5      | Reached skill level 8 in Maces & Flails
  4485 | D:5      | Reached skill level 9 in Maces & Flails
  4485 | D:5      | Reached XP level 8. HP: 62/62 MP: 8/8
  4491 | D:5      | Found a blossoming altar of Fedhas.
  4533 | D:5      | Found a shimmering altar of Xom.
  4533 | D:5      | Noticed Grinder
  4554 | D:5      | Killed Grinder
  4854 | D:5      | Found a snail-covered altar of Cheibriados.
  5115 | D:6      | Noticed Edmund
  5128 | D:6      | Killed Edmund
  5129 | D:6      | Reached skill level 10 in Maces & Flails
  5206 | D:6      | Found an opulent altar of Gozag.
  5579 | D:6      | Reached **** piety under Trog
  5673 | D:6      | Found a shadowy altar of Dithmenos.
  5781 | D:6      | Reached skill level 11 in Maces & Flails
  5857 | D:7      | Reached XP level 9. HP: 68/68 MP: 9/9
  6156 | D:7      | Noticed Prince Ribbit
  6165 | D:7      | Killed Prince Ribbit
  6236 | D:7      | Noticed Joseph
  6250 | D:7      | Killed Joseph
  6251 | D:7      | Reached skill level 12 in Maces & Flails
  6883 | D:7      | Reached skill level 13 in Maces & Flails
  7695 | D:8      | Reached XP level 10. HP: 74/74 MP: 10/10
  7731 | D:8      | Noticed a skeletal warrior
  7753 | D:8      | Killed a skeletal warrior
  8194 | D:8      | Reached skill level 14 in Maces & Flails
  8328 | D:8      | Reached skill level 1 in Evocations
  8476 | D:8      | Identified the +5 hand axe "Qileov" {heavy, Fly rElec Int+7
                  | Dex-5}
  9026 | D:9      | Reached ***** piety under Trog
  9247 | D:9      | Noticed Erica
  9261 | D:9      | Killed Erica
  9262 | D:9      | Reached skill level 5 in Armour
  9296 | D:9      | Found a staircase to the Lair.
  9340 | D:9      | Reached XP level 11. HP: 52/85 MP: 11/11
  9415 | D:9      | Reached skill level 5 in Fighting
  9435 | D:9      | Found an ornate altar of the Wu Jian Council.
  9523 | D:9      | Received a gift from Trog
  9670 | D:10     | Entered Level 10 of the Dungeon
  9952 | D:10     | Noticed a two-headed ogre
  9977 | D:10     | Killed a two-headed ogre
  9979 | D:10     | Reached skill level 5 in Evocations
 10062 | D:10     | Found a staircase to the Orcish Mines.
 10398 | D:10     | Found a hazy altar of Hepliaklqana.
 10451 | D:10     | Noticed a lindwurm
 10499 | D:11     | Noticed a two-headed ogre
 10501 | D:11     | Noticed a two-headed ogre
 10502 | D:11     | Noticed a two-headed ogre
 10506 | D:10     | Killed a two-headed ogre
 10755 | Lair:1   | Entered Level 1 of the Lair of Beasts
 12076 | Lair:1   | Reached skill level 10 in Armour
 12339 | Lair:1   | Reached XP level 12. HP: 32/101 MP: 12/12
 12479 | Lair:1   | Identified a scroll of acquirement
 12479 | Lair:1   | Acquired the +2 barding "Wil Halu" {Regen+}
 12505 | Lair:1   | Identified the +11 falchion "Ixtaptuck" {drain, rN+ Str+3
                  | Int+3 Dex-2}
 12604 | Lair:2   | Found a staircase to the Shoals.
 12623 | Lair:2   | HP: 1/154 [harpy (9)]
 12623 | Lair:2   | Slain by a harpy

Illustrated notes

Levels and vault maps discovered:
D:1:      dpeg_arrival_triangle_fractal, layout_basic, serial_shops,
          nicolae_shop_window_shopping, shop, nicolae_shop_trees, shop,
          hellmonk_ecumenical_altar_dog_temple
D:2:      minmay_evil_eye, layout_basic, uniq_crazy_yiuf_cottage, uniq_terence
D:3:      layout_basic, lightli_temple_of_fire, nicolae_ru_the_path_less_chosen,
          gammafunk_ghost_necromancy
D:4:      layout_basic, general_overflow_altar, minmay_temple_entry_tees,
          mainiacjoe_sewer_entry_somewhere_in_here_2,
          chequers_serial_rivers_small_b, roderic_lattice_a, nicolae_half_adder,
          uniq_natasha
D:5:      layout_cave_pools, fedhas_altar_4,
          mainiacjoe_overflow_surrounded_room, lemuel_tele_altar,
          nicolae_overflow_hallway_of_the_gods, uniq_grinder
D:6:      layout_loops_ring, mainiacjoe_overflow_cross_hatched,
          lemuel_round_altar, uniq_edmund
D:7:      layout_loops_corners, minmay_tree_intersection, chequers_big_river,
          uniq_joseph, uniq_prince_ribbit1
D:8:      layout_loops_ring, minmay_three_doors
D:9:      layout_gridville, pdpol_wu_jian_five_deadly_venoms,
          due_lair_maze_entry_diamond, uniq_erica
D:10:     layout_basic, worldfamousw_hep_ancestral_shrine, erik_orc_1,
          minmay_lindwurm_lava
D:11:     layout_cross
Lair:1:   layout_layer_cave
Lair:2:   layout_loops_ring, nicolae_shoals_entry_roost, uniq_fannar

Skill      XL: |  1  2  3  4  5  6  7  8  9 10 11 |
---------------+----------------------------------+-----
Maces & Flails | 3 4 5 6 7 9 11 13 14 | 14.0
Fighting       | 4 8 |  8.3
Evocations     | 4 5 |  5.0
Armour         | 5 10 | 10.5
Dodging        | |  1.3

Action                     |  1- 3 |  4- 6 |  7- 9 | 10-12 || total
---------------------------+-------+-------+-------+-------++-------
  Melee: Mace              |    71 |   122 |   263 |   101 ||   557
         Tailslap          |    10 |     8 |    37 |    73 ||   128
         Punch             |       |       |     2 |     2 ||     4
         Dire flail        |       |       |       |   325 ||   325
  Throw: Stone             |       |     1 |     7 |       ||     8
 Invoke: Berserk           |     2 |     2 |     9 |     6 ||    19
         Trog's Hand       |       |     1 |     1 |     4 ||     6
  Evoke: Wand              |       |       |     7 |     4 ||    11
    Use: Scroll            |       |       |       |    21 ||    21
   Stab: Sleeping          |     1 |       |       |       ||     1
         Distracted        |       |       |       |     1 ||     1
 Armour: Animal skin       |    33 |       |       |       ||    33
         Ring mail         |    23 |    93 |   195 |   354 ||   665
  Dodge: Dodged            |    32 |    54 |   110 |   136 ||   332

Table legend: (Time is in decaauts)
 A = Elapsed time spent in this place.
 B = Non-inter-level travel time spent in this place.
 C = Inter-level travel time spent in this place.
 D = Time resting spent in this place.
 E = Time spent auto-exploring this place.
 F = Levels seen in this place.
 G = Mean time per level.
                   A        B        C        D        E       F      G
               +--------+--------+--------+--------+--------+-----+--------+
         Total |  12633 |  12163 |    470 |   1505 |   8601 |  13 |  971.8 |
       Dungeon |  10840 |  10406 |    434 |   1505 |   7076 |  11 |  985.5 |
          Lair |   1792 |   1756 |     36 |      0 |   1525 |   2 |  896.0 |
               +--------+--------+--------+--------+--------+-----+--------+

Top non-repeatable levels by time:
  Lair:1: 1770 daAuts
     D:7: 1758 daAuts
     D:4: 1481 daAuts
     D:8: 1374 daAuts
     D:3: 1180 daAuts
    D:10: 1036 daAuts
     D:6: 1023 daAuts
     D:5: 859 daAuts
     D:2: 746 daAuts
     D:1: 690 daAuts
     D:9: 680 daAuts
  Lair:2: 21 daAuts
    D:11: 9 daAuts
